 Dungeon Crawl Stone Soup version 0.21.1-1-g345015f (webtiles) character file.

54068 Flooderbenga the Thaumaturge (level 14, -4/108 HPs)
             Began as a Gnoll Necromancer on Apr 5, 2018.
             Was the Champion of Cheibriados.
             Shot with an arrow by a naga sharpshooter (16 damage)
             ... on level 4 of the Snake Pit on Apr 6, 2018.
             The game lasted 06:09:41 (5433 turns).

Flooderbenga the Thaumaturge (Gnoll Necromancer)    Turns: 5433, Time: 06:09:41

Health: -4/108     AC: 12    Str: 26    XL:     14   Next: 71%
Magic:  2/31       EV: 23    Int: 41    God:    Cheibriados [******]
Gold:   106        SH: 11    Dex: 30    Spells: 6/34 levels left

rFire    . . .     SeeInvis .   e - +2 hunting sling
rCold    + . .     Gourm    .   A - +3 buckler of Gibbinnai {rC+ Int+3}
rNeg     . . .     Faith    .   Q - +0 troll leather armour
rPois    .         Spirit   .   (helmet restricted)
rElec    .         Reflect  .   H - +2 cloak {MR+}
rCorr    .         Harm     .   t - +0 pair of gloves
MR       ++...                  C - +1 pair of boots
Stlth    +++++.....             (no amulet)
HPRegen  0.68/turn              M - ring of flight
MPRegen  0.22/turn              w - +3 ring of slaying

@: lethally poisoned (-4 -> -4), about to teleport, very slightly contaminated,
very slow
A: distributed training, antennae 1, fangs 1, blurry vision 1, high mp 1, strong
nose
a: Bend Time, Temporal Distortion, Slouch, Step From Time, Renounce Religion,
Evoke Flight


You were on level 4 of the Snake Pit.
You worshipped Cheibriados.
Cheibriados was exalted by your worship.
You were not hungry.

You visited 4 branches of the dungeon, and saw 21 of its levels.

You collected 758 gold pieces.
You spent 652 gold pieces at shops.

Inventory:

Hand Weapons
 a - a +3 dagger of venom
 b - the +11 flail "Hydraslayer" {holy, rC+}
   (You found it on level 10 of the Dungeon)

   It has been blessed by the Shining One to cause great damage to the undead
   and demons.
   It protects you from cold.
 d - a +3 spear
 e - a +2 hunting sling (weapon)
 g - a +3 scimitar of venom
 o - a +2 spear of venom
 D - a +1 vampiric long sword
Missiles
 m - 22 sling bullets (quivered)
 p - 5 curare-tipped needles
 W - a throwing net {!f}
Armour
 t - a +0 pair of gloves (worn)
 z - a +0 shield
 A - the +3 buckler of Gibbinnai (worn) {rC+ Int+3}
   (You bought it in a shop on level 2 of the Snake Pit)

   It affects your intelligence (+3).
   It protects you from cold.
 B - a +1 leather armour of fire resistance
 C - a +1 pair of boots (worn)
 H - a +2 cloak of magic resistance (worn)
 I - the +10 plate armour "Lups" {rC+, unknown}
   (You found it on level 8 of the Dungeon)

   It protects you from cold.
 Q - a +0 troll leather armour (worn)
 T - +0 acid dragon scales
 X - a +1 scale mail of magic resistance
Magical Staves
 L - an uncursed staff of poison
Jewellery
 v - an uncursed ring of see invisible
 w - a +3 ring of slaying (right hand)
 M - a ring of flight (left hand)
 V - an uncursed ring of stealth
Wands
 h - a wand of digging (9) {@v4}
 s - a wand of iceblast (10)
 E - a wand of polymorph (18)
 F - a wand of acid (3)
 G - a wand of paralysis (13)
Scrolls
 i - a scroll of immolation
 k - 5 scrolls of enchant weapon
 n - 4 scrolls of remove curse {@r2}
 r - a scroll of random uselessness {unknown}
 u - a scroll of silence
 U - 3 scrolls of fog {@r4}
 Z - a scroll of teleportation {@r3}
Potions
 f - a potion of cancellation
 q - a potion of curing {@q1}
 y - a potion of agility {@q5}
Books
 j - a book of Necromancy

   Spells                             Type                      Level
   a - Pain                           Necromancy                   1
   b - Animate Skeleton               Necromancy                   1
   c - Vampiric Draining              Necromancy                   3
   d - Regeneration                   Charms/Necromancy            3
   e - Animate Dead                   Necromancy                   4
   f - Borgnjor's Vile Clutch         Necromancy/Earth             5
 K - a book of Party Tricks

   Spells                             Type                      Level
   a - Summon Butterflies             Summoning                    1
   b - Apportation                    Translocation                1
   c - Lesser Beckoning               Translocation                3
   d - Tukima's Dance                 Hexes                        3
   e - Alistair's Intoxication        Transmutation/Poison         5
   f - Invisibility                   Hexes                        6
 N - a Young Poisoner's Handbook

   Spells                             Type                      Level
   a - Sting                          Conjuration/Poison           1
   b - Poisonous Vapours              Poison/Air                   2
   c - Mephitic Cloud                 Conjuration/Poison/Air       3
   d - Olgreb's Toxic Radiance        Poison                       4
   e - Venom Bolt                     Conjuration/Poison           5
 O - a book of Fire

   Spells                             Type                      Level
   a - Ignite Poison                  Fire/Transmutation/Poison    3
   b - Fireball                       Conjuration/Fire             5
   c - Bolt of Fire                   Conjuration/Fire             6
   d - Ring of Flames                 Charms/Fire                  7
   e - Ignition                       Fire                         8
 P - a book of Ice

   Spells                             Type                      Level
   a - Ice Form                       Ice/Transmutation            4
   b - Metabolic Englaciation         Hexes/Ice                    5
   c - Ozocubu's Refrigeration        Ice                          6
   d - Bolt of Cold                   Conjuration/Ice              6
   e - Freezing Cloud                 Conjuration/Ice/Air          6
   f - Simulacrum                     Ice/Necromancy               6
 S - a book of Clouds

   Spells                             Type                      Level
   a - Poisonous Vapours              Poison/Air                   2
   b - Mephitic Cloud                 Conjuration/Poison/Air       3
   c - Conjure Flame                  Conjuration/Fire             3
   d - Freezing Cloud                 Conjuration/Ice/Air          6
   e - Ring of Flames                 Charms/Fire                  7
Comestibles
 c - 17 rations


   Skills:
 + Level 9.3 Fighting
 + Level 9.3 Short Blades
 + Level 9.3 Long Blades
 + Level 9.3 Axes
 + Level 9.3 Maces & Flails
 + Level 9.3 Polearms
 + Level 9.3 Staves
 + Level 9.3 Slings
 + Level 9.3 Bows
 + Level 9.3 Crossbows
 + Level 9.3 Throwing
 + Level 9.3 Armour
 + Level 10.3 Dodging
 + Level 10.2 Stealth
 + Level 9.3 Shields
 + Level 9.3 Unarmed Combat
 + Level 10.5 Spellcasting
 + Level 7.7 Conjurations
 + Level 7.7 Hexes
 + Level 7.7 Charms
 + Level 7.7 Summonings
 + Level 10.5 Necromancy
 + Level 7.7 Translocations
 + Level 7.7 Transmutations
 + Level 7.7 Fire Magic
 + Level 7.7 Ice Magic
 + Level 7.7 Air Magic
 + Level 7.7 Earth Magic
 + Level 7.7 Poison Magic
 + Level 10.1 Invocations
 + Level 9.3 Evocations


You had 6 spell levels left.
You knew the following spells:

 Your Spells              Type           Power        Failure   Level  Hunger
a - Pain                  Necr           ####         1%          1    None
b - Vampiric Draining     Necr           #######...   1%          3    None
c - Borgnjor's Vile Clut  Necr/Erth      #######...   1%          5    None
d - Olgreb's Toxic Radia  Pois           ######..     1%          4    None
e - Simulacrum            Ice/Necr       #######...   6%          6    ###....
f - Animate Dead          Necr           N/A          1%          4    None
r - Regeneration          Chrm/Necr      #######...   1%          3    None
z - Animate Skeleton      Necr           N/A          1%          1    None
A - Apportation           Tloc           ######       1%          1    None


Dungeon Overview and Level Annotations

Branches:
Dungeon (12/15)            Temple (1/1) D:6            Lair (4/6) D:9
 Shoals (0/4) Lair:4        Snake (4/4) Lair:3          Orc (0/2) D:10

Altars:
Ashenzari
Cheibriados
Dithmenos
Elyvilon
Fedhas
Hepliaklqana
Kikubaaqudgha
Makhleb
Qazlal
Sif Muna
Vehumet
Wu Jian
The Shining One

Shops:
D:7 [   D:8 *   Snake:2 [!

Annotations:
D:3 Robin
D:4 Menkaure


Innate Abilities, Weirdness & Mutations

Your experience applies equally to all skills.
You have very sharp teeth.
Your uncanny sense of smell can sniff out nearby items.
You have a pair of small antennae on your head.
Scrolls take you a little longer to read.
You have an increased reservoir of magic. (+10% MP)


Message History

The naga cowers, then darts away.
You begin reading the scroll.
You continue reading the scroll.
The nagaraja hits you from afar with a halberd!!
* * * LOW HITPOINT WARNING * * *
You block the naga warrior's attack. The naga warrior misses you.
As you read the scroll of teleportation {@r3}, it crumbles to dust.
You feel strangely unstable.
You take 23 damage, and have 8/108 hp.
MASSIVE DAMAGE!!
You feel much better.
The nagaraja hits you from afar with a halberd.
* * * LOW HITPOINT WARNING * * *
The naga warrior hits you with a flail!
* * * LOW HITPOINT WARNING * * *
The naga warrior closely misses you.
The naga sharpshooter unwields an uncursed enchanted dire flail.
The naga sharpshooter wields an uncursed longbow.
The naga sharpshooter gestures wildly while chanting.
The naga sharpshooter magically shoots an arrow.
The arrow hits you!
You die...

{{ { {##... ######## '#. #....
...()).#{ ..N#####'#.. Z(≈#.((##
{ #.†N#≈≈§..#.. (≈≈##..)##
#.SS##≈≈≈..#.# )§≈§##...### {
###)..##§≈≈..##.#
.§≈§≈##...÷######.N..##≈≈≈(.##..#
#.§§§≈##.........N..##≈≈≈..##....
##([§≈≈##.......@).##≈§≈..##.....
.##.(≈≈§###......###≈§≈(.##......
..##)(.§≈≈########≈≈≈.(.##[......
...##((.≈≈§≈≈≈≈≈≈§§≈.[.##......##
#...##..≈≈≈≈§≈§≈≈§§≈.[##......##.
#....#.)..§≈§≈§≈§.§...#.......#..
#....#......≈≈≈≈...)..#.......'..
.....#.......≈§...).(.#.......#.#
.....#..(....§§.......#.......#.#


You could see a naga warrior, a nagaraja, a naga sharpshooter, an anaconda
(fleeing), a black mamba (fleeing) and a naga (fleeing).

Vanquished Creatures
  Nikola (Snake:4)
  A nagaraja (Snake:4)
  5 naga warriors (Snake:4)
  A hydra (Lair:3)
  4 anacondas
  A catoblepas (Lair:4)
  A two-headed ogre (D:9)
  2 shock serpents (Snake:4)
  2 naga sharpshooters (Snake:4)
  2 salamander mystics
  An unseen horror (D:12)
  5 naga ritualists
  A lindwurm (Snake:4)
  7 salamanders
  3 mana vipers
  A manticore (Lair:3)
  3 guardian serpents (Snake:4)
  Joseph (D:9)
  5 naga magi
  9 black mambas
  3 spiny frogs
  Psyche (D:9)
  4 gargoyles
  2 rime drakes
  A queen bee (Lair:3)
  A troll (D:11)
  A snapping turtle (Snake:4)
  8 blink frogs
  6 hippogriffs
  A wyvern (Lair:3)
  12 yaks
  A steam dragon (Lair:3)
  4 basilisks
  5 nagas (Snake:4)
  6 water moccasins
  An acid dragon (D:11)
  A hornet zombie (D:12)
  7 orc warriors
  2 sky beasts
  An ice beast (D:8)
  A black bear (D:8)
  3 ogres
  9 wolves
  3 centaurs (D:8)
  4 crocodiles
  A big kobold (D:9)
  4 bullfrogs
  A wyvern skeleton (D:9)
  5 scorpions
  33 killer bees
  A quasit (D:10)
  2 jellies
  5 orc priests
  3 hounds
  6 orc wizards
  2 iguanas (D:8)
  Terence (D:3)
  4 worker ants
  A bullfrog skeleton (D:9)
  A hound zombie (D:8)
  11 adders
  A shadow imp (D:9)
  An ooze (D:2)
  An adder skeleton (D:9)
  A worm (D:3)
  5 leopard geckos
  17 orcs
  A ball python (D:8)
  2 giant cockroaches
  A goblin (D:2)
  3 hobgoblins
  6 jackals
  8 kobolds
  2 quokkas
  A bat (D:2)
  A frilled lizard (D:2)
  A giant cockroach zombie (D:5)
  A leopard gecko zombie (D:3)
  A rat (D:2)
  A fungus (Lair:3)
  A plant (Lair:3)
281 creatures vanquished.

Vanquished Creatures (collateral kills)
  2 nagarajas (Snake:4)
  A naga warrior (Snake:4)
  An anaconda (Snake:4)
  2 shock serpents (Snake:4)
  4 naga sharpshooters (Snake:4)
  A salamander mystic (Snake:4)
  A lindwurm (Snake:4)
  3 mana vipers (Snake:4)
  2 salamanders (Snake:4)
  A centaur zombie (D:12)
  3 guardian serpents (Snake:4)
  4 naga magi (Snake:4)
  A black mamba (Snake:4)
  A rime drake (Lair:3)
  A polar bear (Lair:2)
  A blink frog (Lair:3)
  A hungry ghost (D:11)
  3 nagas (Snake:4)
  A wolf (Lair:3)
  An ice beast (D:8)
  A crocodile (Lair:3)
  3 killer bees (Lair:3)
  2 worker ants
  A worm (D:3)
  An orc (D:10)
  A goblin (D:2)
  2 hobgoblins
  A ball python (D:2)
  A rat (D:2)
  A fungus (Lair:3)
49 creatures vanquished.

Vanquished Creatures (others)
  A salamander mystic (Snake:4)
  2 fungi (Lair:3)
3 creatures vanquished.

Grand Total: 333 creatures vanquished

Notes
Turn   | Place    | Note
-------+----------+-------------------------------------------
     0 | D:1      | Flooderbenga the Gnoll Necromancer began the quest for the Orb.
     0 | D:1      | Reached XP level 1. HP: 13/13 MP: 6/6
    27 | D:1      | Learned a level 1 spell: Animate Skeleton
    86 | D:2      | Reached XP level 2. HP: 16/20 MP: 2/7
   144 | D:2      | Reached skill level 5 in Spellcasting
   144 | D:2      | Reached XP level 3. HP: 9/25 MP: 0/9
   167 | D:2      | Found a glowing golden altar of the Shining One.
   191 | D:2      | Learned a level 3 spell: Vampiric Draining
   207 | D:2      | Learned a level 3 spell: Regeneration
   261 | D:3      | Reached skill level 1 in Invocations
   284 | D:3      | Reached skill level 1 in Fighting
   284 | D:3      | Reached skill level 1 in Short Blades
   284 | D:3      | Reached skill level 1 in Long Blades
   284 | D:3      | Reached skill level 1 in Axes
   284 | D:3      | Reached skill level 1 in Maces & Flails
   284 | D:3      | Reached skill level 1 in Polearms
   284 | D:3      | Reached skill level 1 in Staves
   284 | D:3      | Reached skill level 1 in Slings
   284 | D:3      | Reached skill level 1 in Bows
   284 | D:3      | Reached skill level 1 in Crossbows
   284 | D:3      | Reached skill level 1 in Throwing
   284 | D:3      | Reached skill level 1 in Armour
   284 | D:3      | Reached skill level 1 in Shields
   284 | D:3      | Reached skill level 1 in Unarmed Combat
   284 | D:3      | Reached skill level 1 in Evocations
   313 | D:3      | Found a shattered altar of Ashenzari.
   321 | D:3      | Reached XP level 4. HP: 11/32 MP: 1/11
   348 | D:3      | Noticed Terence
   408 | D:3      | Killed Terence
   411 | D:3      | Reached skill level 1 in Conjurations
   411 | D:3      | Reached skill level 1 in Hexes
   411 | D:3      | Reached skill level 1 in Charms
   411 | D:3      | Reached skill level 1 in Summonings
   411 | D:3      | Reached skill level 1 in Translocations
   411 | D:3      | Reached skill level 1 in Transmutations
   411 | D:3      | Reached skill level 1 in Fire Magic
   411 | D:3      | Reached skill level 1 in Ice Magic
   411 | D:3      | Reached skill level 1 in Air Magic
   411 | D:3      | Reached skill level 1 in Earth Magic
   411 | D:3      | Reached skill level 1 in Poison Magic
   417 | D:3      | Noticed Robin
   503 | D:4      | Noticed Menkaure
   541 | D:4      | Reached XP level 5. HP: 31/37 MP: 2/12
   575 | D:5      | Entered Level 5 of the Dungeon
   592 | D:5      | Noticed a sky beast
   600 | D:5      | Killed a sky beast
   600 | D:5      | Reached XP level 6. HP: 44/44 MP: 9/14
   744 | D:6      | Reached skill level 5 in Dodging
   753 | D:6      | Found a staircase to the Ecumenical Temple.
   762 | Temple   | Entered the Ecumenical Temple
   830 | D:6      | Learned a level 5 spell: Borgnjor's Vile Clutch
   874 | D:5      | Found a snail-covered altar of Cheibriados.
   878 | D:5      | Became a worshipper of Cheibriados the Contemplative
   983 | D:7      | Reached XP level 7. HP: 50/50 MP: 13/15
  1016 | D:7      | Found Zoushuh's Antique Armour Shoppe.
  1032 | D:7      | Bought a runed leather armour for 135 gold pieces
  1173 | D:8      | Reached * piety under Cheibriados
  1173 | D:8      | Reached skill level 5 in Stealth
  1265 | D:7      | Learned a level 1 spell: Apportation
  1274 | D:7      | Reached XP level 8. HP: 46/57 MP: 8/16
  1393 | D:8      | Found Fuugih's General Store.
  1408 | D:8      | Bought a scroll of identify for 20 gold pieces
  1408 | D:8      | Bought a wand of paralysis (4) for 60 gold pieces
  1564 | D:8      | Reached XP level 9. HP: 54/65 MP: 1/18
  1636 | D:8      | Reached ** piety under Cheibriados
  1643 | D:8      | Got an ichor-stained plate armour
  1737 | D:10     | Entered Level 10 of the Dungeon
  1745 | D:11     | Noticed a troll
  1750 | D:11     | Killed a troll
  1795 | D:11     | Noticed a gargoyle
  1803 | D:11     | Killed a gargoyle
  1886 | D:11     | Reached skill level 5 in Invocations
  2128 | D:8      | You fall through a shaft for 3 floors!
  2144 | D:11     | Reached XP level 10. HP: 56/73 MP: 5/20
  2234 | D:12     | Reached skill level 5 in Fighting
  2234 | D:12     | Reached skill level 5 in Short Blades
  2234 | D:12     | Reached skill level 5 in Long Blades
  2234 | D:12     | Reached skill level 5 in Axes
  2234 | D:12     | Reached skill level 5 in Maces & Flails
  2234 | D:12     | Reached skill level 5 in Polearms
  2234 | D:12     | Reached skill level 5 in Staves
  2234 | D:12     | Reached skill level 5 in Slings
  2234 | D:12     | Reached skill level 5 in Bows
  2234 | D:12     | Reached skill level 5 in Crossbows
  2234 | D:12     | Reached skill level 5 in Throwing
  2234 | D:12     | Reached skill level 5 in Armour
  2234 | D:12     | Reached skill level 5 in Shields
  2234 | D:12     | Reached skill level 5 in Unarmed Combat
  2234 | D:12     | Reached skill level 5 in Evocations
  2273 | D:12     | Noticed a gargoyle
  2296 | D:12     | Killed a gargoyle
  2322 | D:12     | Noticed an unseen horror
  2326 | D:12     | Killed an unseen horror
  2474 | D:10     | Found a staircase to the Orcish Mines.
  2488 | D:10     | Noticed a gargoyle
  2492 | D:10     | Killed a gargoyle
  2547 | D:9      | Reached *** piety under Cheibriados
  2633 | D:9      | Learned a level 4 spell: Olgreb's Toxic Radiance
  2648 | D:9      | Noticed Psyche
  2652 | D:9      | Killed Psyche
  2657 | D:9      | Noticed Joseph
  2665 | D:9      | Killed Joseph
  2665 | D:9      | Reached XP level 11. HP: 50/81 MP: 9/22
  2796 | D:9      | Found a deep blue altar of Sif Muna.
  2796 | D:9      | Noticed a two-headed ogre
  2803 | D:9      | Killed a two-headed ogre
  2853 | D:10     | Reached **** piety under Cheibriados
  3047 | D:10     | Got a polished flail
  3048 | D:10     | Identified the +11 flail "Hydraslayer" {holy, rC+} (You found it on level 10 of the Dungeon)
  3096 | D:9      | Reached skill level 5 in Conjurations
  3096 | D:9      | Reached skill level 5 in Hexes
  3096 | D:9      | Reached skill level 5 in Charms
  3096 | D:9      | Reached skill level 5 in Summonings
  3096 | D:9      | Reached skill level 5 in Translocations
  3096 | D:9      | Reached skill level 5 in Transmutations
  3096 | D:9      | Reached skill level 5 in Fire Magic
  3096 | D:9      | Reached skill level 5 in Ice Magic
  3096 | D:9      | Reached skill level 5 in Air Magic
  3096 | D:9      | Reached skill level 5 in Earth Magic
  3096 | D:9      | Reached skill level 5 in Poison Magic
  3105 | D:9      | Found a staircase to the Lair.
  3118 | Lair:1   | Entered Level 1 of the Lair of Beasts
  3143 | Lair:2   | Reached ***** piety under Cheibriados
  3357 | Lair:4   | Noticed a catoblepas
  3373 | Lair:4   | Killed a catoblepas
  3478 | Lair:3   | HP: 4/83 [crocodile (5)]
  3505 | Lair:3   | Noticed a seven-headed hydra
  3510 | Lair:3   | Killed a seven-headed hydra
  3510 | Lair:3   | Reached XP level 12. HP: 59/89 MP: 3/24
  4315 | Lair:3   | Found a staircase to the Snake Pit.
  4326 | Snake:1  | Entered Level 1 of the Snake Pit
  4331 | Snake:1  | Gained mutation: Scrolls take you a little longer to read. [potion of mutation]
  4331 | Snake:1  | Gained mutation: You have a pair of small antennae on your head. [potion of mutation]
  4331 | Snake:1  | Gained mutation: You have an increased reservoir of magic. (+10% MP) [potion of mutation]
  4335 | Snake:1  | Noticed a naga warrior
  4336 | Snake:1  | Noticed a shock serpent
  4363 | Snake:1  | Reached ****** piety under Cheibriados
  4368 | Snake:1  | Noticed an anaconda
  4378 | Snake:1  | Killed an anaconda
  4431 | Snake:2  | Found Ryhawiast's Distillery.
  4439 | Snake:2  | Found Roimit's Armour Shoppe.
  4450 | Snake:2  | Bought the +3 buckler of Gibbinnai {rC+ Int+3} for 437 gold pieces
  4465 | Snake:2  | Learned a level 6 spell: Simulacrum
  4477 | Snake:2  | Reached XP level 13. HP: 64/98 MP: 13/28
  4511 | Snake:2  | Learned a level 4 spell: Animate Dead
  4549 | Snake:4  | Entered Level 4 of the Snake Pit
  4668 | Snake:4  | Noticed Nikola
  4675 | Snake:4  | Killed Nikola
  4703 | Snake:4  | Reached skill level 10 in Necromancy
  4975 | Snake:4  | Reached skill level 10 in Spellcasting
  5024 | Snake:4  | Reached XP level 14. HP: 105/106 MP: 30/30
  5063 | Snake:4  | Noticed a nagaraja
  5067 | Snake:4  | Killed a nagaraja
  5081 | Snake:4  | Reached skill level 10 in Dodging
  5160 | Snake:4  | Noticed a nagaraja
  5173 | Snake:4  | Killed a nagaraja
  5216 | Snake:4  | Noticed a nagaraja
  5235 | Snake:4  | Killed a nagaraja
  5235 | Snake:4  | Reached skill level 10 in Stealth
  5283 | Snake:4  | Reached skill level 10 in Invocations
  5424 | Snake:4  | Noticed a nagaraja
  5433 | Snake:4  | Shot with an arrow by a naga sharpshooter

Skill      XL: |  1  2  3  4  5  6  7  8  9 10 11 12 13 14 |
---------------+-------------------------------------------+-----
Spellcasting   | 5 6 7 8 9 10 | 10.5
Invocations    | 1 2 3 4 5 6 7 8 9 10 | 10.1
Fighting       | 1 2 3 4 5 6 7 8 9 |  9.3
Short Blades   | 1 2 3 4 5 6 7 8 9 |  9.3
Long Blades    | 1 2 3 4 5 6 7 8 9 |  9.3
Axes           | 1 2 3 4 5 6 7 8 9 |  9.3
Maces & Flails | 1 2 3 4 5 6 7 8 9 |  9.3
Polearms       | 1 2 3 4 5 6 7 8 9 |  9.3
Staves         | 1 2 3 4 5 6 7 8 9 |  9.3
Slings         | 1 2 3 4 5 6 7 8 9 |  9.3
Bows           | 1 2 3 4 5 6 7 8 9 |  9.3
Crossbows      | 1 2 3 4 5 6 7 8 9 |  9.3
Throwing       | 1 2 3 4 5 6 7 8 9 |  9.3
Armour         | 1 2 3 4 5 6 7 8 9 |  9.3
Shields        | 1 2 3 4 5 6 7 8 9 |  9.3
Unarmed Combat | 1 2 3 4 5 6 7 8 9 |  9.3
Evocations     | 1 2 3 4 5 6 7 8 9 |  9.3
Conjurations   | 1 2 3 4 5 6 7 |  7.7
Hexes          | 1 2 3 4 5 6 7 |  7.7
Charms         | 1 2 3 4 5 6 7 |  7.7
Summonings     | 1 2 3 4 5 6 7 |  7.7
Translocations | 1 2 3 4 5 6 7 |  7.7
Transmutations | 1 2 3 4 5 6 7 |  7.7
Fire Magic     | 1 2 3 4 5 6 7 |  7.7
Ice Magic      | 1 2 3 4 5 6 7 |  7.7
Air Magic      | 1 2 3 4 5 6 7 |  7.7
Earth Magic    | 1 2 3 4 5 6 7 |  7.7
Poison Magic   | 1 2 3 4 5 6 7 |  7.7
Dodging        | 5 6 7 8 9 10 | 10.3
Stealth        | 5 6 7 8 9 10 | 10.2
Necromancy     | 8 9 10 | 10.5

Action                   |  1- 3 |  4- 6 |  7- 9 | 10-12 | 13-15 || total
-------------------------+-------+-------+-------+-------+-------++-------
Melee: Whip              |     6 |       |       |       |       ||     6
       Dagger            |    12 |     7 |    33 |    59 |     7 ||   118
       Short sword       |     1 |     5 |       |       |       ||     6
       Bite              |     1 |       |     5 |    26 |    10 ||    42
       Glaive            |       |       |     3 |     9 |       ||    12
       Punch             |       |       |     1 |    10 |       ||    11
       Staff             |       |       |       |    72 |     4 ||    76
       Flail             |       |       |       |    54 |    25 ||    79
       Spear             |       |       |       |     5 |    24 ||    29
       Mace              |       |       |       |     5 |       ||     5
       Rapier            |       |       |       |       |     3 ||     3
 Fire: Hunting sling     |     2 |     8 |     9 |     7 |    13 ||    39
Throw: Stone             |     7 |       |     2 |       |       ||     9
       Tomahawk          |       |       |     3 |       |       ||     3
       Javelin           |       |       |       |     1 |     7 ||     8
       Throwing net      |       |       |       |       |     1 ||     1
 Cast: Pain              |    25 |    33 |    43 |     4 |     1 ||   106
       Animate Skeleton  |     5 |     5 |    13 |    26 |     7 ||    56
       Regeneration      |     1 |     3 |     1 |     2 |     3 ||    10
       Borgnjor's Vile C |       |       |    15 |    38 |    29 ||    82
       Olgreb's Toxic Ra |       |       |       |    19 |     1 ||    20
       Apportation       |       |       |       |    10 |     2 ||    12
       Vampiric Draining |       |       |       |     1 |       ||     1
       Simulacrum        |       |       |       |       |    11 ||    11
       Animate Dead      |       |       |       |       |     8 ||     8
Invok: Slouch            |       |       |       |     2 |     1 ||     3
       Bend Time         |       |       |       |       |     1 ||     1
       Temporal Distorti |       |       |       |       |     1 ||     1
 Abil: Evoke Flight      |       |       |       |       |     1 ||     1
Evoke: Wand              |       |     1 |     7 |     9 |    14 ||    31
  Use: Scroll            |     1 |    10 |     2 |    13 |     5 ||    31
       Potion            |       |     3 |     1 |     1 |     6 ||    11
 Stab: Sleeping          |       |     4 |     6 |    13 |     6 ||    29
       Paralysed         |       |       |     2 |       |     5 ||     7
       Distracted        |       |       |       |     4 |       ||     4
  Eat: Chunk             |       |       |     8 |     6 |       ||    14
       Ration            |       |       |       |     2 |     2 ||     4
Armor: Robe              |     4 |     1 |     1 |       |       ||     6
       Leather armour    |       |       |    11 |     5 |     3 ||    19
       Troll leather arm |       |       |     3 |    64 |     3 ||    70
       Scale mail        |       |       |       |       |     5 ||     5
Dodge: Dodged            |    31 |    18 |    53 |   364 |    62 ||   528
Block: Buckler           |       |       |       |     3 |    40 ||    43
